 Dungeon Crawl Stone Soup version 0.29-a0-830-gcb1280458a (webtiles) character file.

Game seed: 10037227851873537023

39 ytrimaz the Shield-Bearer (level 3, -6/29 HPs)
             Began as a Demonspawn Fighter on July 11, 2022.
             Was a High Priest of Ignis.
             Mangled by an iguana (12 damage)
             ... on level 3 of the Dungeon.
             The game lasted 00:03:05 (2164 turns).

ytrimaz the Shield-Bearer (Demonspawn Fighter)      Turns: 2164, Time: 00:03:05

Health: -6/29      AC:  6    Str: 18    XL:     3   Next: 28%
Magic:  3/3        EV:  9    Int:  9    God:    Ignis [*****.]
Gold:   139        SH:  0    Dex: 12    Spells: 2/2 levels left

rFire   + . .      SeeInvis .   k - +1 broad axe (elec)
rCold   . . .      Faith    .   (no shield)
rNeg    . . .      Spirit   .   b - +0 scale mail
rPois   .          Reflect  .   (no helmet)
rElec   .          Harm     .   (no cloak)
rCorr   .          Rampage  .   (no gloves)
Will    .....                   (no boots)
Stlth   ..........              (no amulet)
HPRegen 0.09/turn               (no ring)
MPRegen 0.08/turn               (no ring)

@: no status effects
A: weakness stinger 1
a: Renounce Religion, Fiery Armour, Foxfire Swarm, Rising Flame


You were on level 3 of the Dungeon.
You worshipped Ignis.
Ignis was extremely pleased with you.
You visited 1 branch of the dungeon, and saw 3 of its levels.

You collected 139 gold pieces.

Inventory:

Hand Weapons
 a - a +0 rapier
 k - a +1 broad axe of electrocution (weapon)
Armour
 b - a +0 scale mail (worn)
 c - a +0 buckler
Wands
 h - a wand of iceblast (11)
Scrolls
 e - a scroll of teleportation
 f - 2 scrolls of vulnerability
Potions
 d - a potion of might
 g - 2 potions of brilliance
 i - a potion of flight {unknown}
 j - a potion of haste {unknown}


   Skills:
 - Level 3.0 Fighting
 - Level 2.6 Short Blades
 * Level 0.1 Axes
 - Level 2.6 Armour
 + Level 3.4 Shields


You had 2 spell levels left.
You didn't know any spells.
Your spell library contained the following spells:

 Spells                   Type           Power      Damage    Failure   Level
 Beastly Appendage        Tmut           0%         N/A       78%         1
 Magic Dart               Conj           0%         1d3       78%         1
 Call Imp                 Summ           0%         N/A       89%         2
 Wereblood                Tmut           0%         N/A       89%         2
 Mephitic Cloud           Conj/Pois/Air  0%         N/A       98%         3
 Spider Form              Tmut/Pois      0%         N/A       98%         3


Dungeon Overview and Level Annotations

Branches:
Dungeon (3/15)

Altars:
Ignis


Innate Abilities, Weirdness & Mutations

You have a small tail.


Message History

No target in view!
No target in view!
No target in view!
No target in view!
No target in view!
No target in view!
No target in view!
No target in view!
There is a stone staircase leading up, spattered with blood here.
There are no items here.
Your movement speed is average.
Your attack delay is about 1.6.
HP restored.
You now have 139 gold pieces (gained 6).
You see here a +0 robe.
You see here a bat corpse.
An iguana comes into view.
Found a scroll of blinking.
The iguana hisses angrily.
An endoplasm comes into view.
There are monsters nearby!
There are monsters nearby!
You start removing your armour.
You continue taking off your +0 buckler. x3
The iguana bites you.
You continue taking off your +0 buckler.
The iguana bites you but does no damage.
The endoplasm freezes you.
You are frozen.
You finish taking off your +0 buckler.
Unknown command.
Unknown command.
You hit the iguana but do no damage. You hit the endoplasm.
You kill the endoplasm!
The iguana barely misses you. The iguana bites you.
Unknown command.
You barely miss the iguana. The iguana bites you!
You barely miss the iguana. The iguana barely misses you. The iguana bites you.
* * * LOW HITPOINT WARNING * * *
You hit the iguana but do no damage. The iguana bites you!
You die...

####.........#####.
..........<[........
..........†).#####..
###......######
#####.#.#...####.##
#..................#
.#..#.#.#.#.##.###.###.#
......##...###.# #.....#
......l@#.## #.# #.#####
..........# #.# #<#
#.....#.### #.# #.#
#..!..... #.# #.#
#.....#.. #.# #.# #....
##.# #.# #.# .?.# .# #.#
##. .# #.# #.#


You could see an iguana.

Vanquished Creatures
  A worm (D:2)
  5 ball pythons
  5 endoplasms
  A goblin (D:1)
  5 hobgoblins
  5 kobolds
  5 bats
  A frilled lizard (D:2)
  4 rats
32 creatures vanquished.

Vanquished Creatures (others)
  2 plants (D:1)
  7 withered plants (D:1)
9 creatures vanquished.

Grand Total: 41 creatures vanquished

Notes
Turn   | Place    | Note
-------+----------+-------------------------------------------
     0 | D:1      | ytrimaz the Demonspawn Fighter began the quest for the Orb.
     0 | D:1      | Reached XP level 1. HP: 18/18 MP: 1/1
    67 | D:1      | Found a faded altar of an unknown god.
   104 | D:1      | Prayed at the altar of an unknown god.
   104 | D:1      | Became a worshipper of Ignis, the Dying Flame
   265 | D:1      | Gained mutation: You have a small tail. [demonic ancestry]
   265 | D:1      | Reached XP level 2. HP: 24/24 MP: 2/2
  1021 | D:2      | Reached XP level 3. HP: 29/29 MP: 3/3
  1836 | D:3      | HP: 1/29 [ball python (2)]
  2164 | D:3      | Mangled by an iguana

Illustrated notes

Levels and vault maps discovered:
D:1:      dpeg_arrival_pond, layout_basic, shapermc_ecumenical_altar_flowoftime
D:2:      layout_basic
D:3:      layout_loops_ring, hangedman_decor_lopped

Skill      XL: |  1 |
---------------+----+-----
Short Blades   | 2 |  2.6
Shields        | 3 |  3.4
Fighting       | |  3.0
Axes           | |  0.1
Armour         | |  2.6

Action                   || total
-------------------------++-------
Melee: Rapier            ||    95
       Tailslap          ||     4
       Broad axe         ||    13
Invok: Fiery Armour      ||     1
  Use: Scroll            ||     4
Armor: Scale mail        ||    44
Dodge: Dodged            ||    46
Block: Buckler           ||    23

Table legend: (Time is in decaauts)
 A = Elapsed time spent in this place.
 B = Non-inter-level travel time spent in this place.
 C = Inter-level travel time spent in this place.
 D = Time resting spent in this place.
 E = Time spent auto-exploring this place.
 F = Levels seen in this place.
 G = Mean time per level.
                   A        B        C        D        E       F      G
               +--------+--------+--------+--------+--------+-----+--------+
         Total |   2182 |   2149 |     33 |    206 |   1605 |   3 |  727.3 |
       Dungeon |   2182 |   2149 |     33 |    206 |   1605 |   3 |  727.3 |
               +--------+--------+--------+--------+--------+-----+--------+

Top non-repeatable levels by time:
     D:2: 1140 daAuts
     D:1: 671 daAuts
     D:3: 370 daAuts
